 Dungeon Crawl Stone Soup version 0.18.1-6-gd335043 (webtiles) character file.

14 Enish the Grave Robber (level 2, 0/19 HPs)
             Began as a Halfling Necromancer on May 17, 2016.
             Slain by a kobold
             ... wielding a +0 club
              (3 damage)
             ... on level 1 of the Dungeon.
             The game lasted 00:02:15 (1038 turns).

Enish the Grave Robber (Halfling Necromancer)       Turns: 1038, Time: 00:02:16

Health: 0/19       AC:  2    Str:  8    XL:     2   Next: 55%
Magic:  2/4        EV: 15    Int: 14    God:
Gold:   4          SH:  0    Dex: 14    Spells: 1 memorised, 3 levels left

rFire  . . .     SeeInvis .     e - +0 club
rCold  . . .     Gourm    .     g - +0 robe
rNeg   . . .     Faith    .     (shield restricted)
rPois  .         Spirit   .     (no helmet)
rElec  .         Dismiss  .     (no cloak)
rCorr  .         Reflect  .     (no gloves)
SustAt .         Harm     .     (no boots)
MR     .....                    (no amulet)
Stlth  ++........               (no ring)
                                (no ring)

@: very slightly contaminated, not resistant to hostile enchantments, unstealthy
A: mutation resistance 1
a: no special abilities


You were on level 1 of the Dungeon.
You were hungry.

You visited 1 branch of the dungeon, and saw 1 of its levels.

You collected 4 gold pieces.

Inventory:

Hand Weapons
 e - a +0 club (weapon)
Armour
 a - a +0 robe
 g - a +0 robe (worn)
Books
 b - a book of Necromancy

   Spells                             Type                      Level
   a - Pain                           Necromancy                   1
   b - Animate Skeleton               Necromancy                   1
   c - Vampiric Draining              Necromancy                   3
   d - Regeneration                   Charms/Necromancy            3
   e - Animate Dead                   Necromancy                   4
   f - Control Undead                 Necromancy                   4
Comestibles
 c - a bread ration
 d - a slice of pizza
 f - a beef jerky


   Skills:
 * Level 1.7 Fighting
 - Level 2.1 Dodging
 - Level 2.1 Stealth
 - Level 1.5 Spellcasting
 - Level 3.2 Necromancy


You had 3 spell levels left.
You knew the following spells:

 Your Spells              Type           Power        Failure   Level  Hunger
a - Pain                  Necr           ##..         10%         1    ##.....


Dungeon Overview and Level Annotations

Branches:
Dungeon (1/15)

Altars:


Innate Abilities, Weirdness & Mutations

You are small and have problems with some larger weapons.
You are somewhat resistant to further mutation.


Message History

Casting: Pain
Confirm with . or Enter, or press ? or * to list all spells.
Okay, then.
The bat misses you.
Casting: Pain
Confirm with . or Enter, or press ? or * to list all spells.
Aiming: Pain
Press: ? - help, Shift-Dir - straight line, f - bat
Aim: a bat (chance to defeat MR: 89%)
The bat barely resists.
The bat hits you.
* * * LOW HITPOINT WARNING * * *
Casting: Pain
Confirm with . or Enter, or press ? or * to list all spells.
Aiming: Pain
Press: ? - help, Shift-Dir - straight line, f/p - bat
Aim: a bat (chance to defeat MR: 89%)
You miscast Pain.
You are very lightly contaminated with residual magic.
You shiver with cold.
The kobold hits you with a club.
You die...

.# #.# .# #.#########
.# #.........# .#
#.#######.# .# #.# #.#
.########## #.# #.#
..........# #.#######.#
#########.# #.##...)..#
***######.###.##@######
,,...........>##K####
**#######.######b...#
,,,,,,,...#****#....#
******###.#,,,......#*
* #.#,*#...!...# *
#.#,*#.......# ***
#.#,*#.......# ,,*
#.*,*#.......#****


You could see a bat and a kobold.

Vanquished Creatures
  A giant gecko (D:1)
  A goblin (D:1)
  5 hobgoblins (D:1)
  A kobold (D:1)
  A bat (D:1)
  2 rats (D:1)
11 creatures vanquished.

Vanquished Creatures (others)
  A ghoul (D:1)
  An octopode (D:1)
  2 gargoyles (D:1)
  A vine stalker (D:1)
  3 trolls (D:1)
  3 vampires (D:1)
  2 humans (D:1)
  A centaur (D:1)
  An orc (D:1)
  7 tentacles (D:1)
  103 tentacle segments (D:1)
125 creatures vanquished.

Grand Total: 136 creatures vanquished

Notes
Turn   | Place    | Note
--------------------------------------------------------------
     0 | D:1      | Enish the Halfling Necromancer began the quest for the Orb.
     0 | D:1      | Reached XP level 1. HP: 11/11 MP: 3/3
     2 | D:1      | Noticed a human
     2 | D:1      | Noticed a vampire
     2 | D:1      | Noticed a ghoul
     2 | D:1      | Noticed a troll
     2 | D:1      | Noticed a troll
     2 | D:1      | Noticed a troll
     2 | D:1      | Noticed a kraken
     2 | D:1      | Noticed a human
     2 | D:1      | Noticed a centaur
     2 | D:1      | Noticed a gargoyle
     2 | D:1      | Noticed an octopode
     2 | D:1      | Noticed a vampire
     2 | D:1      | Noticed a vampire
     2 | D:1      | Noticed a gargoyle
     2 | D:1      | Noticed a vine stalker
     4 | D:1      | Killed a troll
     5 | D:1      | Killed a human
     5 | D:1      | Killed a troll
     6 | D:1      | Killed a centaur
     8 | D:1      | Killed a gargoyle
    11 | D:1      | Killed a vampire
    12 | D:1      | Killed a troll
    13 | D:1      | Killed a vampire
    13 | D:1      | Killed a human
    14 | D:1      | Killed a ghoul
    16 | D:1      | Killed a vampire
    18 | D:1      | Killed a gargoyle
    19 | D:1      | Killed an octopode
    20 | D:1      | Killed a vine stalker
   501 | D:1      | Reached skill level 1 in Fighting
   502 | D:1      | Reached XP level 2. HP: 17/18 MP: 2/4
  1038 | D:1      | Slain by a kobold

Skill      XL: |  1 |
---------------+----+-----
Fighting       | 1 |  1.7
Dodging        | |  2.1
Stealth        | |  2.1
Spellcasting   | |  1.5
Necromancy     | |  3.2

Action                   || total
-------------------------++-------
Melee: Club              ||    51
       Unarmed           ||     9
 Cast: Pain              ||     5
  Use: Scroll            ||     2
 Stab: Sleeping          ||     2
Armor: Robe              ||    10
Dodge: Dodged            ||    53
